AoeStats
← Reinhardlunsen

Nomad

509705208Analyzed
4v4 RM · 5d ago on Sep 27, 2026· 29m 33s· 8 players
Game mode
Random Map
Map size
231×231
Population
200
Speed
Normal
Resources
Standard
Victory
Conquest
Starting age
Dark Age
Ending age
Imperial Age
RankedLock teamsTeams togetherTeam positionsShared explorationLock speedFull tech treeHidden civsTurbo modeCheats
Victory
Defeat
🇩🇪 Varangians · Germany
1575
+13
🇲🇽 Koreans · Mexico
1533
+15
🇩🇪 Danes · Germany
1510
+16
🇵🇪 Persians · Peru
1485
+17
🇺🇸 Mongols · United States
1548
-17
🇺🇸 Persians · United States
1539
-16
🇩🇰 Danes · Denmark
1521
-16
🇨🇦 Aztecs · Canada
1416
-12
Almost600
5:34 Loom
12:15 Feudal Age
14:45 Wheelbarrow
18:50 Castle Age
17:42 Bloodlines
19:55 Husbandry
20:12 Scale Barding Armor
20:10 Double-Bit Axe
20:07 Horse Collar
23:41 Forging
30:13 Bow Saw
YOGRANNYCANTSCRAP
4:01 Loom
13:45 Feudal Age
18:03 Castle Age
17:13 Double-Bit Axe
18:32 Fletching
19:17 Medium Warships
26:50 Bodkin Arrow
29:28 Ballistics
Retired SweatLord
4:34 Loom
16:40 Feudal Age
21:26 Castle Age
20:29 Gold Mining
21:02 Double-Bit Axe
24:00 Fervor
24:11 Sanctity
25:02 Redemption
25:57 Devotion
29:44 Herbal Medicine
Lord Longshaft
14:57 Feudal Age
16:03 Double-Bit Axe
16:25 Gold Mining
19:29 Castle Age
19:34 Fletching
20:20 Bodkin Arrow
23:43 Bow Saw
23:57 Horse Collar
25:27 Stone Mining
26:36 Loom
27:35 Wheelbarrow
26:47 Town Watch
28:08 Stone Shaft Mining
28:10 Ballistics
29:40 Clinker Construction
30:21 Gold Shaft Mining
Moris )
15:23 Feudal Age
18:49 Wheelbarrow
17:59 Loom
20:30 Castle Age
19:21 Double-Bit Axe
20:00 Gold Mining
21:35 Bow Saw
22:03 Wheelbarrow
21:47 Medium Warships
22:21 Fishing Lines
26:33 Horse Collar
3Dominik
3:53 Loom
14:04 Feudal Age
14:34 Town Watch
15:00 Fishing Lines
15:43 Double-Bit Axe
18:11 Castle Age
16:06 Gold Mining
19:21 Forging
19:36 Medium Warships
19:20 Gillnets
20:31 Gold Shaft Mining
21:36 Iron Casting
21:39 Demolition Ship
29:48 Wheelbarrow
29:14 Town Patrol
29:33 Stone Mining
29:55 Bow Saw
29:29 Horse Collar
Reinhardlunsen
4:53 Loom
13:04 Feudal Age
16:40 Castle Age
15:14 Double-Bit Axe
18:05 Medium Warships
18:59 Wheelbarrow
18:36 Bow Saw
19:14 Horse Collar
27:56 Scale Barding Armor
28:46 Forging
29:16 Devotion
SAMEDO
3:12 Loom
12:41 Feudal Age
13:49 Town Watch
17:57 Castle Age
23:32 Fletching
25:32 Bodkin Arrow
26:07 Padded Archer Armor
Connection lost

Rejoining the realm…

Still unreachable

The connection could not be restored.

Session expired

The server has moved on; the page needs a fresh start.